AoeStats
← FJL

African Clearing

505233307Analyzed
3v3 RM · 25d ago on Sep 8, 2026· 47m 15s· 6 players
Game mode
Random Map
Map size
Normal (6 player)
Population
200
Speed
Normal
Resources
Standard
Victory
Conquest
Starting age
Dark Age
Ending age
Imperial Age
RankedLock teamsTeams togetherTeam positionsShared explorationLock speedFull tech treeHidden civsTurbo modeCheats
Victory
Defeat
🇩🇪 Lithuanians · Germany
1301
+20
🇩🇪 Spanish · Germany
1290
+20
🇩🇪 Huns · Germany
1266
+21
🇦🇷 Berbers · Argentina
1453
-23
🇦🇷 Byzantines · Argentina
1351
-19
🇦🇷 Sicilians · Argentina
1348
-19
Don Tani
3:55 Loom
13:57 Feudal Age
18:57 Castle Age
19:11 Double-Bit Axe
29:27 Wheelbarrow
28:38 Town Watch
30:50 Bow Saw
30:22 Horse Collar
31:00 Hand Cart
35:30 Imperial Age
33:49 Forging
33:41 Scale Mail Armor
33:47 Squires
33:33 Arson
35:06 Iron Casting
34:42 Scale Barding Armor
34:51 Masonry
35:17 First Crusade
35:39 Chain Mail Armor
35:39 Bloodlines
38:19 Blast Furnace
37:40 Chain Barding Armor
38:06 Conscription
37:29 Capped Ram
38:06 Pikeman
39:18 Plate Mail Armor
38:53 Husbandry
39:15 Cavalier
41:36 Plate Barding Armor
42:20 Halberdier
FJL
4:04 Loom
13:00 Feudal Age
17:19 Castle Age
19:27 Fletching
22:35 Bodkin Arrow
26:47 Husbandry
28:13 Padded Archer Armor
28:44 Bloodlines
30:49 Wheelbarrow
30:24 Double-Bit Axe
30:37 Town Watch
33:01 Ballistics
33:15 Bow Saw
40:49 Imperial Age
39:40 Thumb Ring
41:17 Leather Archer Armor
41:33 Bracer
42:40 Chemistry
43:35 Ring Archer Armor
46:05 Conscription
Ricardo Arjona
10:23 Loom
12:58 Feudal Age
24:48 Castle Age
23:13 Fletching
24:33 Double-Bit Axe
32:18 Bow Saw
31:55 Horse Collar
37:03 Wheelbarrow
big ritard pleyer
8:35 Loom
12:07 Feudal Age
12:34 Double-Bit Axe
19:20 Castle Age
17:43 Horse Collar
19:09 Forging
19:05 Scale Barding Armor
20:20 Bloodlines
21:03 Husbandry
26:17 Stone Mining
28:36 Gold Mining
31:18 Fletching
37:38 Chain Barding Armor
37:53 Iron Casting
41:33 Imperial Age
39:47 Iron Casting
39:46 Elite Skirmisher
41:28 Wheelbarrow
40:54 Stone Mining
41:36 Bodkin Arrow
41:40 Cavalier
43:45 Plate Barding Armor
43:26 Bracer
43:27 Padded Archer Armor
43:58 Conscription
43:27 Paladin
Pfnatsch
11:17 Feudal Age
9:33 Loom
11:56 Double-Bit Axe
14:34 Bloodlines
15:39 Forging
22:38 Castle Age
21:13 Scale Barding Armor
21:46 Horse Collar
23:39 Wheelbarrow
23:30 Husbandry
24:50 Bow Saw
25:44 Iron Casting
25:12 Town Watch
25:43 Hand Cart
33:04 Heavy Plow
33:44 Chain Barding Armor
37:18 Gold Mining
37:19 Stone Mining
40:38 Imperial Age
40:49 Cavalier
42:07 Plate Barding Armor
42:32 Blast Furnace
41:46 Masonry
43:39 Guilds
45:36 Paladin
46:45 Fletching
47:19 Ballistics
48:00 Chemistry
Spirit
5:58 Loom
12:43 Feudal Age
13:22 Double-Bit Axe
19:01 Castle Age
25:13 Fletching
32:36 Bodkin Arrow
36:05 Wheelbarrow
36:32 Padded Archer Armor
36:43 Forging
40:10 Hand Cart
43:08 Ballistics
43:22 Pikeman
44:03 Squires
Connection lost

Rejoining the realm…

Still unreachable

The connection could not be restored.

Session expired

The server has moved on; the page needs a fresh start.